 Dungeon Crawl Stone Soup version 0.28.0-53-g5a82cb258f (webtiles) character file.

Game seed: 8469547076115905989

128701 pkoi the Destroyer (level 16, -2/132 HPs)
             Began as a Demigod Venom Mage on May 27, 2022.
             Slain by a +2 vorpal dire flail (5 damage)
             ... on level 1 of the Elven Halls.
             The game lasted 01:58:18 (55229 turns).

pkoi the Destroyer (Demigod Venom Mage)            Turns: 55229, Time: 01:58:18

Health: -2/132     AC: 18    Str:  3    XL:     16   Next: 2%
Magic:  3/42       EV: 10    Int: 41    God:
Gold:   1354       SH:  0    Dex: 18    Spells: 6/31 levels left

rFire   + + .      SeeInvis .   a - +5 halberd of the Wilderness {vorpal, rF+ Str-2 Dex+4}
rCold   . . .      Faith    .   (shield currently unavailable)
rNeg    + + .      Spirit   .   P - +0 swamp dragon scales
rPois   +          Reflect  .   f - +1 helmet
rElec   .          Harm     .   G - +2 cloak
rCorr   .          Rampage  .   i - +0 pair of gloves
Will    ++...                   t - +0 pair of boots of Henotheism {rN++ MP+9 Str-4 Int+4}
Stlth   ++........              u - amulet of regeneration
HPRegen 1.12/turn               w - ring of willpower
MPRegen 0.28/turn               v - ring of protection from fire

@: about to teleport, studying Dodging
A: high MP 1, forlorn, divine attributes
a: no special abilities


You were on level 1 of the Elven Halls.
You visited 6 branches of the dungeon, and saw 25 of its levels.
You also visited: Ice Cave.

You collected 2865 gold pieces.
You spent 1511 gold pieces at shops.

Inventory:

Hand Weapons
 a - the +5 halberd of the Wilderness (weapon) {vorpal, rF+ Str-2 Dex+4}
   (You found it on level 3 of the Lair of Beasts)

   It inflicts extra damage upon your enemies.
   Str:       It affects your strength (-2).
   Dex:       It affects your dexterity (+4).
   rF:        It protects you from fire.
 d - a +0 mace
 e - a +2 dagger of venom
 m - a +3 vorpal spear
 p - a +0 dagger of holy wrath
Missiles
 C - 3 curare-tipped darts
Armour
 f - a +1 helmet (worn)
 h - a scarf of invisibility
 i - a +0 pair of gloves (worn)
 t - the +0 pair of boots of Henotheism (worn) {rN++ MP+9 Str-4 Int+4}
   (You found it on level 6 of the Lair of Beasts)

   Str:       It affects your strength (-4).
   Int:       It affects your intelligence (+4).
   rN:        It greatly protects you from negative energy.
   MP:        It affects your magic capacity (+9).
 B - a +0 troll leather armour
 G - a +2 cloak (worn)
 P - +0 swamp dragon scales (worn)
 R - a +2 robe of the Archmagi
Jewellery
 c - a ring of positive energy
 u - an amulet of regeneration (around neck)
 v - a ring of protection from fire (right hand)
 w - a ring of willpower (left hand)
 A - an amulet of the acrobat
 J - a ring of protection from cold
 O - a ring of resist corrosion
Wands
 j - a wand of polymorph (4)
 k - a wand of charming (3)
 o - a wand of flame (47)
 F - a wand of digging (5)
 Q - a wand of mindburst (4)
Scrolls
 b - 3 scrolls of blinking
 s - 3 scrolls of enchant armour
 y - a scroll of teleportation
 D - 5 scrolls of identify
 E - 6 scrolls of amnesia
 I - a scroll of magic mapping
 K - 2 scrolls of summoning
 M - 4 scrolls of fear
 N - a scroll of enchant weapon
 S - a scroll of holy word
Potions
 g - 2 potions of invisibility
 l - 2 potions of cancellation
 n - 12 potions of curing
 q - 3 potions of berserk rage
 r - 8 potions of flight
 x - 2 potions of might
 z - 4 potions of brilliance
 H - 6 potions of haste
 L - 2 potions of resistance


   Skills:
 - Level 9.0 Fighting
 - Level 9.0 Armour
 - Level 9.0 Dodging
 - Level 3.0 Stealth
 + Level 6.5 Unarmed Combat
 + Level 8.4 Spellcasting
 - Level 9.0 Conjurations
 - Level 9.0 Hexes
 - Level 8.0 Translocations
 + Level 8.4 Transmutations
 + Level 8.4 Air Magic
 - Level 6.0 Earth Magic
 - Level 7.0 Poison Magic
 - Level 3.0 Evocations


You had 6 spell levels left.
You knew the following spells:

 Your Spells              Type           Power      Damage    Failure   Level
a - Sting                 Tmut/Pois      100%       1d8       1%          1
b - Poisonous Vapours     Pois/Air       100%       N/A       1%          2
c - Magic Dart            Conj           100%       1d8       1%          1
d - Mephitic Cloud        Conj/Pois/Air  71%        N/A       1%          3
e - Fulminant Prism       Conj/Hex       37%        3d18      2%          4
f - Olgreb's Toxic Radia  Pois           65%        N/A       6%          4
g - Stone Arrow           Conj/Erth      100%       3d13      1%          3
h - Apportation           Tloc           100%       N/A       1%          1
i - Blink                 Tloc           100%       N/A       1%          2
j - Iskenderun's Mystic   Conj/Tloc      72%        2d15      3%          4

Your spell library contained the following spells:

 Spells                   Type           Power      Damage    Failure   Level
 Sandblast                Erth           100%       2d20      1%          1
 Slow                     Hex            100%       N/A       1%          1
 Passwall                 Tmut/Erth      55%        N/A       1%          2
 Searing Ray              Conj           100%       2d8       1%          2
 Static Discharge         Conj/Air       73%        N/A       1%          2
 Wereblood                Tmut           72%        N/A       1%          2
 Confusing Touch          Hex            74%        N/A       1%          3
 Dazzling Flash           Conj/Hex       100%       N/A       1%          3
 Portal Projectile        Hex/Tloc       100%       N/A       1%          3
 Leda's Liquefaction      Hex/Erth       34%        N/A       4%          4
 Silence                  Hex/Air        36%        N/A       9%          5
 Animate Skeleton         Necr           34%        N/A       11%         1
 Summon Small Mammal      Summ           68%        N/A       11%         1
 Manifold Assault         Tloc           70%        N/A       11%         5
 Call Imp                 Summ           17%        N/A       16%         2
 Scorch                   Fire           34%        2d7       16%         2
 Sublimation of Blood     Necr           17%        N/A       16%         2
 Hailstorm                Conj/Ice       52%        3d12      16%         4
 Sticky Flame             Conj/Fire      52%        2d7       16%         4
 Ice Form                 Ice/Tmut       51%        N/A       19%         4
 Summon Lightning Spire   Summ/Air       51%        N/A       19%         4
 Lee's Rapid Deconstruct  Erth           30%        3d17*     24%         5
 Call Canine Familiar     Summ           17%        N/A       30%         3
 Vampiric Draining        Necr           17%        2d7       30%         3
 Dispel Undead            Necr           17%        3d10      71%         4
 Agony                    Necr           17%        N/A       96%         5
 Simulacrum               Ice/Necr       8%         N/A       100%        6
 Storm Form               Tmut/Air       36%        N/A       95%         7
 Summon Hydra             Summ           8%         N/A       100%        7
 Ignition                 Fire           8%         3d5       100%        8
 Maxwell's Capacitive Co  Air            36%        ∞         100%        8


Dungeon Overview and Level Annotations

Branches:
Dungeon (14/15)            Temple (0/1) D:4            Lair (6/6) D:9
  Swamp (1/4) Lair:4       Spider (1/4) Lair:3        Slime (0/5) Lair:5
    Orc (2/2) D:9             Elf (1/3) Orc:2         IceCv (visited)
 Vaults: D:13-14

Shops:
D:5 *   D:6 [   D:9 =   Orc:1 *   Orc:2 (=!?:   Elf:1 (

Annotations:
D:10 2 runed translucent doors
D:11 1 runed translucent door
Lair:3 2 transporters
Lair:4 3 runed translucent doors, Psyclone's ghost, journeyman OpIE
Swamp:1 Frances


Innate Abilities, Weirdness & Mutations

You have an increased reservoir of magic. (+10% MP)
You shall have no god before yourself.
Your divine heritage dramatically boosts your attributes as you level up.


Message History

Unknown command.
The +2 vorpal dire flail hits you but does no damage.
Your fulminant prism crackles loudly.
Aiming: Mindburst
Press: ? - help, Shift-Dir - straight line, f - you
Okay, then.
Unknown command.
Okay, then.
Unknown command.
Unknown command.
Okay, then.
Unknown command.
You closely miss the +2 vorpal dire flail.
The +2 vorpal dire flail hits you!
* * * LOW HITPOINT WARNING * * *
x2 The +2 vorpal dire flail hits you!
* * * LOW HITPOINT WARNING * * *
x2 Your fulminant prism explodes!
The blast of energy engulfs the +2 vorpal dire flail!
The +2 vorpal dire flail is heavily damaged.
You miss the +2 vorpal dire flail.
The +2 vorpal dire flail is heavily damaged.
The +2 vorpal dire flail hits you!
* * * LOW HITPOINT WARNING * * *
x2 The +2 vorpal dire flail hits you.
* * * LOW HITPOINT WARNING * * *
x2 The +2 vorpal dire flail hits you!
* * * LOW HITPOINT WARNING * * *
x2
Okay, then.
Unknown command.
Press: ? - help, v - describe, . - travel
Here: a +2 vorpal dire flail (heavily damaged)
The floor.
As you read the scroll of teleportation, it crumbles to dust.
You feel strangely unstable. The +2 vorpal dire flail hits you!!
* * * LOW HITPOINT WARNING * * *
x2 The +2 vorpal dire flail closely misses you.
The +2 vorpal dire flail hits you!
* * * LOW HITPOINT WARNING * * *
You die...

.......##
#.. #.....##
#.# #.?..#
#.# #.###
##.#####
#...$...#
#.#..##.#
#.#..##.#
#....##.#
####...(##@#
+.......##(#
####....##.#
#..#.##.#
#..#....#
#....#....#
#.#######.#
#....#....#
####.#.####


You could see a +2 vorpal dire flail.

Vanquished Creatures
  Jorgrun (Swamp:1)
  Agnes (Spider:1)
  2 orc warlords (Orc:1)
  Louise (D:14)
  A stone giant (Orc:2)
  2 eleionomae
  A bunyip (Swamp:1)
  Josephine (Swamp:1)
  Erolcha (D:11)
  3 ogre magi
  Harold (D:8)
  3 boulder beetles
  9 hydras
  Erica (Lair:2)
  17 two-headed ogres
  6 dancing weapons (Elf:1)
  A tengu warrior (D:10)
  An alligator (Swamp:1)
  2 death yaks (Lair:3)
  A deep elf knight (Elf:1)
  Sonja (D:12)
  2 pharaoh ants (Spider:1)
  2 sun moths (Spider:1)
  5 goliath frogs
  2 deep trolls (Orc:2)
  An orb spider (Spider:1)
  A swamp dragon (Swamp:1)
  Pikel (D:8)
  A lindwurm (Lair:6)
  9 deep elf pyromancers
  3 ugly things
  5 wolf spiders (Spider:1)
  10 deep elf zephyrmancers (Elf:1)
  2 orc sorcerers (Orc:1)
  4 cyclopes
  3 manticores
  13 elephants (Lair:5)
  Maurice (D:10)
  3 torpor snails
  5 black mambas
  19 cane toads
  2 gargoyles (D:13)
  Psyche (D:8)
  An efreet (D:13)
  4 rime drakes
  10 komodo dragons
  13 trolls
  12 meliai
  A hornet (shapeshifter) (D:13)
  9 tyrant leeches
  Prince Ribbit (D:8)
  2 hornets
  A polar bear (Lair:1)
  2 tarantellas (Spider:1)
  38 blink frogs
  5 dream sheep (Lair:4)
  10 slime creatures
  Sigmund (D:5)
  11 jumping spiders (Spider:1)
  2 air elementals (Elf:1)
  2 shadows
  11 culicivoras
  3 wyverns
  7 wraiths
  A water elemental (Elf:1)
  80 yaks
  A fire elemental (Elf:1)
  5 basilisks
  3 steam dragons
  2 wargs (Orc:1)
  13 vampire mosquitoes
  A death yak simulacrum (IceCv)
  9 redbacks (Spider:1)
  A swamp worm (Swamp:1)
  2 acid dragons
  14 water moccasins
  25 orc warriors
  2 ice beasts
  11 wolves
  30 ogres
  4 centaurs
  A phantom (D:5)
  Blork the orc (D:4)
  19 bullfrogs
  4 kobold brigands (D:9)
  3 scorpions
  6 gnoll sergeants
  3 cane toad simulacra (IceCv)
  A water moccasin skeleton (D:5)
  8 wights
  An elephant simulacrum (IceCv)
  6 killer bees (D:10)
  2 howler monkeys
  2 electric eels
  2 lava snakes (D:7)
  5 centaur zombies
  A hound (D:6)
  2 jellies
  9 orc priests
  2 gnoll shamans
  2 bullfrog skeletons
  A centaur skeleton (D:5)
  3 iguanas
  Ijyb (D:3)
  21 orc wizards
  A troll simulacrum (IceCv)
  2 spriggan simulacra (IceCv)
  A polar bear simulacrum (IceCv)
  A howler monkey zombie (D:5)
  17 gnolls
  6 adders
  5 ufetubi
  An adder skeleton (D:4)
  2 dart slugs
  63 orcs
  3 ball pythons (D:1)
  7 bats
  10 endoplasms
  2 giant cockroaches
  6 goblins
  4 hobgoblins (D:1)
  9 kobolds
  A quokka (D:4)
  2 frilled lizards
  3 rats
754 creatures vanquished.

Vanquished Creatures (others)
  285 fulminant prisms
  49 fungi
  102 plants
436 creatures vanquished.

Grand Total: 1190 creatures vanquished

Notes
Turn   | Place    | Note
-------+----------+-------------------------------------------
     0 | D:1      | pkoi the Demigod Venom Mage began the quest for the Orb.
     0 | D:1      | Reached XP level 1. HP: 14/14 MP: 5/5
    52 | D:1      | Reached skill level 1 in Transmutations
   629 | D:1      | Reached XP level 2. HP: 20/20 MP: 4/7
  1549 | D:2      | Learned a level 2 spell: Poisonous Vapours
  1564 | D:2      | Reached XP level 3. HP: 26/26 MP: 5/8
  1572 | D:2      | Learned a level 1 spell: Magic Dart
  2739 | D:3      | Noticed Ijyb
  3090 | D:3      | Noticed an ogre
  3122 | D:3      | Killed an ogre
  3123 | D:3      | Reached skill level 1 in Conjurations
  3123 | D:3      | Reached skill level 1 in Air Magic
  3123 | D:3      | Reached XP level 4. HP: 33/33 MP: 0/9
  3754 | D:3      | Learned a level 3 spell: Mephitic Cloud
  3796 | D:3      | Killed Ijyb
  3797 | D:3      | Reached XP level 5. HP: 28/38 MP: 4/10
  4345 | D:4      | Noticed an ogre
  4396 | D:4      | Killed an ogre
  4754 | D:4      | Found a staircase to the Ecumenical Temple.
  5050 | D:4      | Found a glowing drain.
  5335 | D:5      | Entered Level 5 of the Dungeon
  5335 | D:5      | Noticed Blork the orc
  5337 | D:5      | Reached XP level 6. HP: 45/45 MP: 11/11
  5350 | D:4      | Killed Blork the orc
  6082 | D:5      | Found Komeuhua's Lightly-Used Armoury.
  6795 | D:5      | Reached XP level 7. HP: 46/50 MP: 7/13
  7941 | D:5      | Reached skill level 5 in Poison Magic
  8322 | D:5      | Noticed Sigmund
  8363 | D:5      | Killed Sigmund
  8364 | D:5      | Reached XP level 8. HP: 25/57 MP: 9/15
  9015 | D:6      | Learned a level 4 spell: Fulminant Prism
  9881 | D:6      | Found Lewa's Antique Armour Emporium.
  9884 | D:6      | Bought a ripped robe for 119 gold pieces
  9884 | D:6      | Identified the +0 robe "Damnable Contraption" {Rampage}
                  | (You bought it in a shop on level 6 of the Dungeon)
 10095 | D:7      | Reached skill level 1 in Hexes
 10484 | D:6      | HP: 1/57 [ice beast (5)]
 11923 | D:7      | Reached skill level 5 in Transmutations
 13276 | D:8      | Noticed Pikel
 13310 | D:8      | Killed Pikel
 13311 | D:8      | Reached skill level 1 in Evocations
 13311 | D:8      | Reached XP level 9. HP: 61/62 MP: 10/18
 13382 | D:8      | Noticed Harold
 13451 | D:8      | Killed Harold
 13452 | D:8      | Reached skill level 5 in Conjurations
 13452 | D:8      | Reached skill level 5 in Air Magic
 13792 | D:8      | Noticed Prince Ribbit
 15014 | D:8      | Killed Prince Ribbit
 15662 | D:8      | Learned a level 4 spell: Olgreb's Toxic Radiance
 16205 | D:8      | Noticed Psyche
 16214 | D:8      | Killed Psyche
 16215 | D:8      | Reached XP level 10. HP: 63/69 MP: 8/21
 17256 | D:9      | Reached skill level 5 in Spellcasting
 17925 | D:9      | Reached skill level 1 in Fighting
 17958 | D:9      | Reached skill level 1 in Armour
 18195 | D:9      | Found a staircase to the Orcish Mines.
 18355 | D:9      | Found Qocem's Jewellery Shop.
 18393 | D:9      | Reached skill level 5 in Hexes
 18763 | D:9      | You fall into a shaft and drop 3 floors!
 18776 | D:12     | Learned a level 3 spell: Stone Arrow
 18778 | D:12     | Noticed a deep elf pyromancer
 18790 | D:12     | Killed a deep elf pyromancer
 19008 | D:11     | Noticed a sixfirhy
 19008 | D:11     | Found a runed translucent door.
 19141 | D:11     | Noticed an eight-headed hydra
 19148 | D:12     | Reached skill level 1 in Earth Magic
 19398 | D:12     | Noticed a two-headed ogre
 19416 | D:12     | Killed a two-headed ogre
 19549 | D:12     | Reached XP level 11. HP: 81/81 MP: 1/23
 19875 | D:11     | Killed an eight-headed hydra
 19940 | D:11     | Noticed a two-headed ogre
 20225 | D:11     | Killed a two-headed ogre
 20314 | D:11     | Noticed Erolcha
 20388 | D:11     | Killed Erolcha
 20616 | D:10     | Entered Level 10 of the Dungeon
 20956 | D:10     | Noticed a two-headed ogre
 20974 | D:10     | Killed a two-headed ogre
 21142 | D:10     | Noticed Maurice
 21167 | D:10     | Killed Maurice
 21730 | D:9      | Found a staircase to the Lair.
 22685 | D:10     | Noticed a two-headed ogre
 22856 | D:10     | Noticed an ogre mage
 22878 | D:10     | Killed an ogre mage
 22879 | D:10     | Reached skill level 5 in Dodging
 23119 | D:10     | Killed a two-headed ogre
 23315 | D:10     | Reached XP level 12. HP: 92/92 MP: 5/25
 23591 | Lair:1   | Entered Level 1 of the Lair of Beasts
 23821 | Lair:1   | Noticed an eight-headed hydra
 23857 | Lair:1   | Killed an eight-headed hydra
 24569 | Lair:1   | Reached skill level 5 in Fighting
 24574 | Lair:1   | Reached skill level 5 in Armour
 24749 | Lair:1   | Learned a level 1 spell: Apportation
 24752 | Lair:1   | Learned a level 2 spell: Blink
 25481 | Lair:1   | Reached skill level 1 in Translocations
 26121 | Lair:2   | Found a frozen archway.
 26130 | IceCv    | Entered an ice cave
 26695 | Lair:2   | Noticed Erica
 26711 | Lair:2   | HP: 3/94 [cane toad (7)]
 26722 | Lair:2   | Killed Erica
 26999 | Lair:2   | You fall into a shaft and drop 1 floor!
 28611 | Lair:3   | Found a transporter.
 28619 | Lair:3   | Identified the +5 halberd of the Wilderness {vorpal, rF+
                  | Str-2 Dex+4}
 28677 | Lair:3   | Found a transporter.
 29624 | Lair:3   | Reached XP level 13. HP: 102/102 MP: 22/26
 29701 | Lair:3   | HP: 4/102 [rime drake/flash freeze (32)]
 30048 | Lair:3   | Found a hole to the Spider Nest.
 30816 | Lair:4   | Reached skill level 5 in Earth Magic
 30922 | Lair:4   | Found a runed translucent gate.
 30922 | Lair:4   | Found a runed translucent gate.
 30922 | Lair:4   | Found a runed translucent gate.
 31090 | Lair:4   | Noticed Psyclone's ghost (journeyman OpIE)
 32272 | Lair:4   | Found a staircase to the Swamp.
 32785 | Lair:5   | Reached skill level 5 in Translocations
 34574 | Lair:5   | Found a staircase to the Slime Pits.
 34761 | Lair:5   | Reached skill level 1 in Unarmed Combat
 34931 | Lair:6   | Entered Level 6 of the Lair of Beasts
 35198 | Lair:6   | Identified the +0 pair of boots of Henotheism {rN++ MP+9
                  | Str-4 Int+4}
 35783 | Lair:5   | Reached XP level 14. HP: 86/110 MP: 27/30
 37456 | Lair:6   | Reached skill level 5 in Unarmed Combat
 37876 | Lair:6   | Learned a level 4 spell: Iskenderun's Mystic Blast
 38780 | D:10     | Found a runed translucent door.
 38780 | D:10     | Found a runed translucent door.
 39123 | D:10     | Got the Collected Works on Burning Enchantment
 39981 | D:12     | Noticed Sonja
 39986 | D:12     | Killed Sonja
 43086 | D:14     | Noticed Louise
 43098 | D:14     | Killed Louise
 43773 | Swamp:1  | Entered Level 1 of the Swamp
 44712 | Swamp:1  | Noticed Josephine
 44722 | Swamp:1  | Killed Josephine
 45063 | Swamp:1  | Noticed Frances
 45083 | Swamp:1  | Noticed Jorgrun
 45095 | Swamp:1  | Killed Jorgrun
 45416 | Orc:1    | Entered Level 1 of the Orcish Mines
 45416 | Orc:1    | Found Loekhlim's General Store.
 45424 | Orc:1    | Reached XP level 15. HP: 121/121 MP: 24/31
 45997 | Orc:2    | Entered Level 2 of the Orcish Mines
 46209 | Orc:2    | Found a staircase to the Elven Halls.
 49730 | Orc:2    | Found Ojeoxtal's Self-Improvement Boutique.
 49852 | Orc:2    | Found Deryhousm's Weapon Shop.
 49853 | Orc:2    | Found Nesyuluc's Jewellery Shop.
 49858 | Orc:2    | Found Irgheisoe's Distillery.
 49923 | Orc:2    | Found Uddoghut's Magic Scroll Boutique.
 49932 | Orc:2    | Bought a scroll of blinking for 112 gold pieces
 50004 | Orc:2    | Bought a manual of Dodging for 1280 gold pieces
 50959 | Spider:1 | Entered Level 1 of the Spider Nest
 52738 | Spider:1 | Noticed Agnes
 52746 | Spider:1 | Killed Agnes
 54042 | Elf:1    | Entered Level 1 of the Elven Halls
 54195 | Elf:1    | Paralysed by an air elemental for 1 turns
 54404 | Elf:1    | Found Bixameph's Weapon Shop.
 54793 | Elf:1    | Paralysed by an air elemental for 1 turns
 55205 | Elf:1    | Reached XP level 16. HP: 102/132 MP: 12/33
 55229 | Elf:1    | HP: 3/132 [+2 vorpal dire flail (14)]
 55229 | Elf:1    | Slain by a +2 vorpal dire flail

Illustrated notes

Levels and vault maps discovered:
D:1:      dpeg_arrival_erosion, layout_loops_ring, minmay_distorted
D:2:      minmay_alternating_diamond, layout_loops_cross,
          dreamdust_ecumenical_altar_statues
D:3:      layout_rooms, uniq_ijyb
D:4:      layout_basic, minmay_temple_entry_slanted, portal_sewer_entry_e,
          serial_rivers, chequers_serial_rivers_micro_e,
          chequers_serial_rivers_micro_e, chequers_serial_rivers_micro_a,
          chequers_serial_rivers_micro_d, chequers_serial_rivers_small_3
D:5:      layout_basic, minmay_shop_damaged, uniq_blork_the_orc, uniq_sigmund
D:6:      layout_layer_cave, serial_shops, nicolae_shop_behind_doors
D:7:      layout_loops_ring, bloody_trog, minivault_10, kennysheep_cross_room
D:8:      layout_loops_ring, nicolae_vehumet_altar_sigil, uniq_harold,
          uniq_prince_ribbit1, uniq_psyche, uniq_pikel
D:9:      layout_stronghold, lair_entry_dummy,
          kennysheep_orc_monster_closet_entryway,
          minmay_shop_enchanted_jewellery
D:10:     minmay_the_grid_four_pointed_star [minmay_the_grid_triangle_9x9_cache,
          minmay_the_grid_triangle_9x9_minimal,
          minmay_the_grid_triangle_9x9_impossible_snake,
          minmay_the_grid_triangle_9x9_tough_junction,
          minmay_the_grid_prize_shrinking_boxes], layout_small_grid,
          uniq_maurice
D:11:     cheibrodos_shockbox, layout_irregular_city,
          hangedman_decor_diamond_cutter, grunt_dithmenos_shadows, uniq_erolcha
D:12:     layout_roguey, eino_small_chamber_without_monster,
          hangedman_abyss_or_decor_lesser_grid, uniq_sonja
D:13:     layout_cave_pods
D:14:     layout_roguey, david_vaults_1, special_room
          [special_room_mythical_zoo], grunt_decor_resistance, uniq_louise
Lair:1:   layout_roguey
Lair:2:   layout_hall_layers, portal_ice_cave_entry_pillars_1,
          serial_bayou_shore_a, uniq_erica
Lair:3:   gammafunk_worm_tunnel, layout_regular_city,
          hellmonk_spider_entry_life_and_decay, grunt_megastairs_2
Lair:4:   layout_hall_layers, minmay_swamp_entry_worms, gammafunk_ghost_split,
          lemuel_fruit_fields
Lair:5:   layout_regular_city, slime_altar_1
Lair:6:   minmay_lair_end_frog_pond, layout_gridlike, evilmike_ambush
          [evilmike_ambush_outer_pillars, evilmike_ambush_inner_wall_1]
Swamp:1:  layout_basic_swamp, hangedman_swamp_lotus, uniq_josephine,
          uniq_frances, uniq_jorgrun
Spider:1: layout_spider_delve, uniq_agnes
Orc:1:    layout_caves, serial_shops, shop
Orc:2:    st_orc_open, layout_diamond_mine, nicolae_shop_self_help
Elf:1:    eino_elf_arrival_the_gate, layout_loops_corners, serial_shops, shop,
          hangedman_corner_corridor, kennysheep_underground_church

Skill      XL: |  1  2  3  4  5  6  7  8  9 10 11 12 13 14 15 |
---------------+----------------------------------------------+-----
Transmutations | 1 2 3 4 5 6 7 8 |  8.4
Spellcasting   | 2 3 4 5 6 8 |  8.4
Poison Magic   | 3 4 5 6 7 |  7.0
Conjurations   | 1 2 3 4 5 6 7 9 |  9.0
Air Magic      | 1 2 3 4 5 6 7 8 |  8.4
Hexes          | 2 3 5 6 7 9 |  9.0
Evocations     | 1 3 |  3.0
Dodging        | 3 5 6 8 9 |  9.0
Fighting       | 2 4 6 8 9 |  9.0
Armour         | 2 4 6 9 |  9.0
Earth Magic    | 1 4 6 |  6.0
Stealth        | 3 |  3.0
Translocations | 3 6 7 8 |  8.0
Unarmed Combat | 3 5 6 |  6.5

Action                   |  1- 3 |  4- 6 |  7- 9 | 10-12 | 13-15 | 16-18 || total
-------------------------+-------+-------+-------+-------+-------+-------++-------
Melee: Unarmed           |     4 |       |       |       |       |       ||     4
       Mace              |     1 |       |       |       |       |       ||     1
       Dagger            |       |    24 |       |       |       |       ||    24
       Spear             |       |     8 |    49 |   108 |       |       ||   165
       Punch             |       |     1 |       |     1 |       |       ||     2
       Halberd           |       |       |       |    13 |    84 |     2 ||    99
 Cast: Sting             |    66 |    56 |    15 |    12 |       |       ||   149
       Poisonous Vapours |     4 |    20 |    93 |   223 |   338 |       ||   678
       Magic Dart        |       |    22 |   138 |    23 |    95 |       ||   278
       Mephitic Cloud    |       |     1 |       |       |       |       ||     1
       Fulminant Prism   |       |       |    15 |    77 |   192 |     1 ||   285
       Olgreb's Toxic Ra |       |       |       |    27 |    91 |     2 ||   120
       Stone Arrow       |       |       |       |    35 |   141 |       ||   176
       Apportation       |       |       |       |       |     2 |       ||     2
       Iskenderun's Myst |       |       |       |       |   106 |     1 ||   107
Evoke: Wand              |       |       |     5 |     6 |     4 |       ||    15
  Use: Scroll            |       |     9 |     6 |    11 |     3 |     3 ||    32
       Potion            |       |     1 |     1 |     1 |     3 |       ||     6
 Stab: Sleeping          |       |     2 |       |       |       |       ||     2
       Distracted        |       |       |     1 |       |       |       ||     1
Armor: Robe              |    20 |    23 |    40 |    25 |       |       ||   108
       Troll leather arm |       |       |       |    61 |    99 |       ||   160
       Swamp dragon scal |       |       |       |       |    21 |     3 ||    24
Dodge: Dodged            |    34 |    45 |   113 |   190 |   252 |     5 ||   639
